 Dungeon Crawl Stone Soup version 0.25-a0-786-g5b70d41e48 (console) character file.

Game seed: 13485156653606377115, levelgen mode: deterministic

273 Gorlak the Fighter (level 6, -1/61 HPs)
             Began as a Minotaur Fighter on Apr 16, 2020.
             Slain by an ogre
             ... wielding a +0 giant club
              (20 damage)
             ... on level 4 of the Dungeon on Apr 18, 2020.
             The game lasted 00:16:25 (1939 turns).

Gorlak the Fighter (Minotaur Fighter)               Turns: 1939, Time: 00:16:26

Health: -1/61      AC:  6    Str: 22    XL:     6   Next: 3%
Magic:  5/5        EV:  7    Int:  5    God:
Gold:   154        SH:  9    Dex: 10    Spells: 5/5 levels left

rFire    . . .     SeeInvis .   a - +0 war axe
rCold    . . .     Gourm    .   c - +0 kite shield
rNeg     . . .     Faith    .   b - +0 scale mail
rPois    .         Spirit   .   (helmet restricted)
rElec    .         Reflect  .   (no cloak)
rCorr    .         Harm     .   (no gloves)
MR       .....                  (no boots)
Stlth    ..........             (no amulet)
HPRegen  0.20/turn              (no ring)
MPRegen  0.09/turn              (no ring)

@: no status effects
A: retaliatory headbutt, horns 2
a: no special abilities


You were on level 4 of the Dungeon.
You were not hungry.

You visited 1 branch of the dungeon, and saw 4 of its levels.

You collected 154 gold pieces.

Inventory:

Hand Weapons
 a - a +0 war axe (weapon)
 n - a +0 mace
 u - a +0 dagger of venom
 z - a +3 arbalest
 A - a +0 hand axe
 B - a +0 war axe
Missiles
 e - 4 boomerangs (quivered)
 g - 7 arrows
 r - 24 sling bullets
 y - 28 stones
Armour
 b - a +0 scale mail (worn)
 c - a +0 kite shield (worn)
 p - a +0 ring mail
 w - a +0 centaur barding
 E - a +0 scale mail
Jewellery
 D - a cursed ring of attention {unknown}
Scrolls
 j - 2 scrolls of remove curse {unknown}
 k - a scroll of magic mapping {unknown}
 m - 2 scrolls of teleportation {unknown}
 o - a scroll of fear {unknown}
 s - a scroll of fog {unknown}
 t - 5 scrolls of identify {unknown}
 C - a scroll of immolation {unknown}
Potions
 d - 2 potions of might
 h - 2 potions of stabbing {unknown}
 i - 2 potions of ambrosia {unknown}
 l - a potion of heal wounds {unknown}
 q - a potion of lignification {unknown}
 v - a potion of curing {unknown}
 x - a potion of haste
Comestibles
 f - 4 rations


   Skills:
 + Level 8.2 Fighting
 - Level 2.4 Axes
 - Level 3.6 Armour
 - Level 3.6 Shields


You had 5 spell levels left.
You didn't know any spells.
Your spell library was empty.

Dungeon Overview and Level Annotations

Branches:
Dungeon (4/15)
 Temple: D:4-7

Altars:
Hepliaklqana
The Shining One


Innate Abilities, Weirdness & Mutations

You reflexively headbutt those who attack you in melee.
You have a pair of horns on your head.


Message History

The ogre is lightly wounded.
The ogre hits you with a +0 giant club!
You hit the ogre.
The ogre is lightly wounded.
The ogre hits you with a +0 giant club!!
* * * LOW HITPOINT WARNING * * *
You slash the ogre! You headbutt the ogre!
The ogre is severely wounded.
You block the ogre's attack.
Your shield prevents you from hitting the ogre.
You headbutt the ogre.
The ogre is severely wounded.
You block the ogre's attack.
You hit the ogre.
The ogre is almost dead.
The ogre hits you but does no damage.
You hit the ogre.
The ogre is almost dead.
The ogre hits you with a +0 giant club!!
You die...

# #.# .#.# . .#.######..
.......... #####.........
............. ##
#####.#.O.......
............@..........
....#.#...............
####.##.#................
..........................
####.##.###................
#.##.# #.................
###.##.###.................
#....†.....................
######..........................
.....†.........#..............$.
######.........#................


You could see an ogre.

Vanquished Creatures
  An orc wizard (D:3)
  A worker ant (D:4)
  4 gnolls (D:2)
  9 adders
  An ooze (D:4)
  3 worms
  4 dart slugs
  A leopard gecko (D:1)
  4 orcs (D:3)
  A ball python (D:1)
  3 giant cockroaches (D:1)
  7 goblins
  11 hobgoblins
  2 jackals (D:2)
  13 kobolds
  2 quokkas (D:2)
  8 bats
  5 frilled lizards
  11 rats
91 creatures vanquished.

Notes
Turn   | Place    | Note
-------+----------+-------------------------------------------
     0 | D:1      | Gorlak the Minotaur Fighter began the quest for the Orb.
     0 | D:1      | Reached XP level 1. HP: 19/19 MP: 0/0
    38 | D:1      | Reached skill level 4 in Fighting
    96 | D:1      | Reached XP level 2. HP: 22/28 MP: 1/1
   202 | D:1      | Reached skill level 5 in Fighting
   315 | D:1      | Reached XP level 3. HP: 32/36 MP: 2/2
   638 | D:2      | Reached skill level 6 in Fighting
   638 | D:2      | Reached XP level 4. HP: 33/44 MP: 3/3
   739 | D:2      | Found a glowing golden altar of the Shining One.
  1133 | D:2      | Reached XP level 5. HP: 51/51 MP: 4/4
  1170 | D:2      | Reached skill level 7 in Fighting
  1347 | D:3      | Found a hazy altar of Hepliaklqana.
  1751 | D:3      | Upgraded the game from 0.25-a0-781-gc44aebf4fe to
                  | 0.25-a0-786-g5b70d41e48
  1906 | D:4      | Reached skill level 8 in Fighting
  1918 | D:4      | Reached XP level 6. HP: 57/61 MP: 5/5
  1939 | D:4      | Slain by an ogre

Levels and vault maps discovered:
D:1:      dpeg_arrival_fog, layout_rooms, grunt_decor_cap, st_stairs_12
D:2:      layout_basic, old_standard_altar
D:3:      minmay_inner_zag, layout_loops_ring, lemuel_round_altar
D:4:      layout_basic, kennysheep_slug_shrine, first_ration, serial_shops,
          nicolae_shop_behind_doors, fedhas_altar_2

Skill      XL: |  1  2  3  4  5 |
---------------+----------------+-----
Fighting       | 4 5 6 8 |  8.2
Axes           | |  2.4
Armour         | |  3.6
Shields        | |  3.6

Action                   |  1- 3 |  4- 6 || total
-------------------------+-------+-------++-------
Melee: War axe           |    81 |   118 ||   199
       Headbutt          |    12 |    18 ||    30
  Eat: Chunk             |       |     4 ||     4
Armor: Scale mail        |    40 |    55 ||    95
Dodge: Dodged            |    29 |    33 ||    62
Block: Kite shield       |    43 |    64 ||   107

Table legend:
 A = Non-vault XP
 B = Vault XP
 C = Vault XP percentage of total XP
 D = Non-vault monster count
 E = Vault monster count
 F = Vault count percentage of total count
                 A         B        C        D         E       F
            +---------+---------+-------+---------+---------+-------
      Total |     374 |      17 |   4.3 |      84 |       7 |   7.7
            +---------+---------+-------+---------+---------+-------
        D:1 |      50 |       1 |   2.0 |      27 |       1 |   3.6
        D:2 |     153 |       0 |   0.0 |      33 |       0 |   0.0
        D:3 |      93 |      16 |  14.7 |      19 |       6 |  24.0
        D:4 |      78 |       0 |   0.0 |       5 |       0 |   0.0
            +---------+---------+-------+---------+---------+-------
